AoeStats
← beneath mariana

Coastal Forest

503259458Analyzed
4v4 RM · 1mo ago on Aug 30, 2026· 44m 12s· 8 players
Game mode
Random Map
Map size
Large (8 player)
Population
200
Speed
Normal
Resources
Standard
Victory
Conquest
Starting age
Dark Age
Ending age
Imperial Age
RankedLock teamsTeams togetherTeam positionsShared explorationLock speedFull tech treeHidden civsTurbo modeCheats
Victory
Defeat
🇨🇳 Koreans · China
1438
+14
🇧🇷 Sicilians · Brazil
1419
+15
🇺🇸 Japanese · United States
1417
+15
🇵🇪 Persians · Peru
1296
+20
🇩🇪 Japanese · Germany
1557
-23
🇮🇳 Mongols · India
1379
-15
🇺🇸 Sicilians · United States
1312
-12
🇺🇸 Persians · United States
1310
-12
qwer
6:50 Loom
7:19 Loom
10:32 Feudal Age
11:27 Double-Bit Axe
16:14 Castle Age
16:14 Stone Mining
17:42 Fishing Lines
19:41 Gillnets
20:51 Forging
21:11 Medium Warships
22:02 Fletching
22:41 Bodkin Arrow
26:16 Wheelbarrow
30:02 Imperial Age
28:45 Iron Casting
28:13 Padded Archer Armor
28:35 Ballistics
27:47 Crossbowman
28:22 Gold Mining
29:49 Thumb Ring
30:16 Guard Tower
30:56 Leather Archer Armor
31:05 Conscription
31:44 Keep
31:58 Bracer
32:25 Yasama
33:38 Bow Saw
33:09 Horse Collar
33:14 Arbalester
33:49 Town Watch
34:17 Pikeman
34:58 Squires
36:48 Chemistry
35:34 Arrowslits
36:06 Halberdier
37:33 Ring Archer Armor
37:05 Scale Mail Armor
37:56 Kataparuto
39:50 Scale Mail Armor
40:07 Hand Cart
42:42 Elite Skirmisher
43:12 Treadmill Crane
43:57 Siege Engineers
44:50 Chain Mail Armor
ffff
10:39 Feudal Age
9:10 Loom
15:18 Castle Age
13:48 Double-Bit Axe
14:00 Horse Collar
16:13 Bow Saw
20:00 Wheelbarrow
20:21 Scale Barding Armor
21:42 Heavy Plow
22:31 Bloodlines
24:08 Forging
25:08 Chain Barding Armor
25:40 Husbandry
26:43 Iron Casting
27:50 Gold Mining
27:51 Stone Mining
28:16 Hand Cart
32:27 Imperial Age
31:40 Gold Shaft Mining
31:40 Stone Shaft Mining
32:09 Stone Shaft Mining
33:46 Crop Rotation
32:38 Cavalier
33:54 Plate Barding Armor
34:30 Blast Furnace
36:52 Hauberk
37:56 Conscription
37:44 Town Watch
40:33 Caravan
beneath mariana
6:33 Loom
9:32 Feudal Age
10:27 Double-Bit Axe
17:25 Horse Collar
17:58 Fletching
18:44 Town Watch
21:17 Gold Mining
26:49 Castle Age
27:39 Bow Saw
27:35 Bodkin Arrow
27:09 Crossbowman
30:15 Heavy Plow
33:22 Wheelbarrow
35:12 Fortified Wall
36:26 Stone Mining
37:32 Masonry
41:59 Imperial Age
39:53 Scale Mail Armor
40:29 Squires
40:42 Forging
42:18 Chain Mail Armor
43:12 Conscription
43:15 Hand Cart
43:48 Elite Fire Lancer
CharlesPK
8:54 Feudal Age
9:26 Double-Bit Axe
9:31 Horse Collar
17:26 Loom
20:01 Castle Age
18:12 Gold Mining
18:54 Bloodlines
19:36 Scale Barding Armor
20:50 Bow Saw
20:41 Heavy Plow
20:56 Husbandry
23:17 Wheelbarrow
25:35 Chain Barding Armor
25:51 Forging
26:45 Hand Cart
27:48 Iron Casting
28:31 Town Watch
29:53 Gold Shaft Mining
31:20 Stone Mining
36:28 Imperial Age
35:09 Town Patrol
38:04 Two-Man Saw
37:35 Crop Rotation
36:30 Cavalier
36:30 Light Cavalry
37:48 Plate Barding Armor
38:13 Blast Furnace
37:50 Stone Shaft Mining
38:05 Savar
38:06 Hussar
39:02 Heavy Camel Rider
40:08 Ballistics
40:49 Chemistry
40:00 Masonry
40:33 Scale Mail Armor
40:19 Arson
40:35 Squires
40:20 Gambesons
39:56 Pikeman
41:36 Conscription
42:42 Chain Mail Armor
42:18 Fletching
44:45 Hoardings
UlrikOn
7:41 Loom
10:56 Feudal Age
15:15 Castle Age
13:40 Double-Bit Axe
16:29 Scale Barding Armor
20:10 Bloodlines
21:41 Medium Warships
24:50 Bow Saw
25:11 Town Watch
27:36 Forging
35:00 Wheelbarrow
34:07 Horse Collar
34:56 Gold Mining
35:46 Chain Barding Armor
36:26 Fletching
37:11 Iron Casting
39:14 Imperial Age
37:28 Hand Cart
37:38 Husbandry
39:19 Cavalier
40:36 Plate Barding Armor
41:15 Blast Furnace
40:54 Conscription
41:06 Bodkin Arrow
42:15 Caravan
43:03 Light Cavalry
badbit
4:19 Loom
10:10 Feudal Age
14:26 Double-Bit Axe
25:47 Castle Age
26:04 Bloodlines
26:04 Scale Barding Armor
34:51 Fletching
37:59 Bow Saw
Zhavnyasaurus
9:43 Feudal Age
8:20 Loom
10:27 Feudal Age
15:17 Castle Age
14:04 Double-Bit Axe
14:57 Fishing Lines
17:11 Bow Saw
18:39 Town Watch
23:58 Wheelbarrow
23:21 Gillnets
23:47 Fletching
25:19 Hand Cart
26:28 Bodkin Arrow
32:54 Imperial Age
33:02 Imperial Age
30:49 Nomads
31:17 Masonry
31:10 Gold Mining
31:10 Stone Mining
32:17 Ballistics
32:07 Padded Archer Armor
33:05 Caravan
34:16 Stone Shaft Mining
34:16 Gold Shaft Mining
33:46 Bracer
34:19 Conscription
35:10 Chemistry
34:35 Thumb Ring
34:42 Bloodlines
34:32 Husbandry
35:23 Elite Mangudai
37:39 Onager
39:32 Drill
40:09 Siege Onager
Matzeking
6:19 Loom
8:39 Feudal Age
9:15 Double-Bit Axe
13:38 Fletching
16:21 Padded Archer Armor
22:40 Castle Age
21:09 Gold Mining
21:01 Horse Collar
22:41 Crossbowman
23:17 Bodkin Arrow
23:37 Bow Saw
25:40 Ballistics
29:44 Wheelbarrow
30:26 Husbandry
31:51 Hand Cart
35:57 Imperial Age
33:41 Town Watch
34:37 Leather Archer Armor
34:23 Stone Mining
35:47 Thumb Ring
36:50 Bloodlines
36:48 Bracer
37:57 Chemistry
37:27 Heavy Cavalry Archer
39:18 Parthian Tactics
39:25 Ring Archer Armor
38:57 Elite Skirmisher
40:57 Conscription
40:39 Yasama
43:10 Two-Man Saw
42:35 Pikeman
43:16 Squires
43:43 Halberdier
44:26 Scale Mail Armor
44:37 Forging
Connection lost

Rejoining the realm…

Still unreachable

The connection could not be restored.

Session expired

The server has moved on; the page needs a fresh start.